Workbook
Name Print_Area_0_0: 'Planilha Orçamentária'!$A$1:$K$713
Name Print_Area_0_0_0: 'Planilha Orçamentária'!$A$1:$O$713

Sheet Planilha Orçamentária
B2: PREFEITURA MUNICIPAL DE SÃO ROQUE DO CANAÃ
B8: PLANILHA ORÇAMENTÁRIA
B9: OBRA: CONSTRUÇÃO DE CRECHE MUNICIPAL - PROJETO PADRÃO FNDE TIPO I
B10: LOCAL: Bairro Francisco Torezani, s/n - São Roque do Canaã | G10: BDI: | H10: MATERIAL | I10: GERAL | J10: DATA
B11: REFERÊNCIAS (PLANILHA): SINAPI – JANEIRO/2025, Sem Desoneração | H11: 0.1557 | I11: 0.25 | J11: 23/05/2025
B12: REFERÊNCIAS (COMPOSIÇÕES): SINAPI – JANEIRO/2025, Sem Desoneração
B13: ITEM | C13: CÓDIGO | D13: REF. | E13: DESCRIÇÃO | F13: UND | G13: QUANT. | H13: UNIT. S/ BDI | I13: UNIT. C/ BDI | J13: TOTAL
B14: 1 | E14: SERVIÇOS PRELIMINARES
B15: 1.1 | C15: SINAPI | D15: 103689 | E15: Fornecimento e instalação de placa de obra com chapa galvanizada e estrutura de madeira. af_03/2022_ps | F15: m2 | G15: 6.48 | H15: 466.64 | I15: =ROUND(H15*(1+$I$11),2) -> 583.3 | J15: =ROUND(G15*I15,2) -> 3779.78 | L15: =J15+J16+J17+J18 -> 69763.57 | M15: =L15+L20 -> 109807.32
B16: 1.2 | C16: SINAPI | D16: 98459 | E16: Tapume com telha metálica. af_03/2024 | F16: m2 | G16: 501.6 | H16: 94.32 | I16: =ROUND(H16*(1+$I$11),2) -> 117.9 | J16: =ROUND(G16*I16,2) -> 59138.64
B17: 1.3 | C17: SINAPI | D17: 101509 | E17: Entrada de energia elétrica, aérea, trifásica, com caixa de embutir, cabo de 10 mm2 e disjuntor din 50a (não incluso o poste de concreto). af_07/2020 | F17: un | G17: 1 | H17: 2046.95 | I17: =ROUND(H17*(1+$I$11),2) -> 2558.69 | J17: =ROUND(G17*I17,2) -> 2558.69
B18: 1.4 | C18: Outros | D18: FNDE 03 | E18: Ligação provisória de água e esgoto | F18: un | G18: 1 | H18: 3429.17 | I18: =ROUND(H18*(1+$I$11),2) -> 4286.46 | J18: =ROUND(G18*I18,2) -> 4286.46
B19: 1.5 | C19: SINAPI | D19: 99059 | E19: Locação convencional de obra, utilizando gabarito de tábuas corridas pontaletadas a cada 2,00m - 2 utilizações. af_03/2024 | F19: m | G19: 254 | H19: 72.17 | I19: =ROUND(H19*(1+$I$11),2) -> 90.21 | J19: =ROUND(G19*I19,2) -> 22913.34
B20: 1.6 | C20: Outros | D20: FNDE 244 | E20: Administração local tipo 1 | F20: un | G20: 1 | H20: 384420 | I20: =ROUND(H20*(1+$I$11),2) -> 480525 | J20: =ROUND(G20*I20,2) -> 480525 | L20: =J20/12 -> 40043.75 | M20: =L20+M21+J19 -> 67610.717
B21: 1.7 | C21: Outros | D21: FNDE 231 | E21: Locacao de container 2,30 x 6,00 m, alt. 2,50 m, com 1 sanitario, para escritorio, completo, sem divisorias internas (nao inclui mobilizacao/desmobilizacao) | F21: mês | G21: 10 | H21: 1353.01 | I21: =ROUND(H21*(1+$I$11),2) -> 1691.26 | J21: =ROUND(G21*I21,2) -> 16912.6 | L21: =J21+J22+J23 -> 51189.9 | M21: =L21/11 -> 4653.6273
B22: 1.8 | C22: Outros | D22: FNDE 230 | E22: Locacao de container 2,30 x 6,00 m, alt. 2,50 m, para escritorio, sem divisorias internas e sem sanitario (nao inclui mobilizacao/desmobilizacao) | F22: mês | G22: 10 | H22: 1099.8 | I22: =ROUND(H22*(1+$I$11),2) -> 1374.75 | J22: =ROUND(G22*I22,2) -> 13747.5 | L22: =M21+L20 -> 44697.377
B23: 1.9 | C23: Outros | D23: FNDE 232 | E23: Locacao de container 2,30 x 6,00 m, alt. 2,50 m, para sanitario, com 4 bacias, 8 chuveiros,1 lavatorio e 1 mictorio (nao inclui mobilizacao/desmobilizacao) | F23: mês | G23: 10 | H23: 1642.38 | I23: =ROUND(H23*(1+$I$11),2) -> 2052.98 | J23: =ROUND(G23*I23,2) -> 20529.8
B24: Total do item | J24: =SUM(J15:J23) -> 624391.81
B26: 2 | E26: MOVIMENTAÇÃO DE TERRA PARA FUNDAÇÕES
B27: 2.1 | C27: SINAPI | D27: 98525 | E27: Limpeza mecanizada de camada vegetal, vegetação e pequenas árvores (diâmetro de tronco menor que 0,20 m), com trator de esteiras. af_03/2024 | F27: m2 | G27: 2925 | H27: 0.72 | I27: =ROUND(H27*(1+$I$11),2) -> 0.9 | J27: =ROUND(G27*I27,2) -> 2632.5
B28: 2.2 | C28: SINAPI | D28: 94304 | E28: Aterro mecanizado de vala com escavadeira hidráulica (capacidade da caçamba: 0,8 m³ / potência: 111 hp), largura até 2,5 m, profundidade até 1,5 m, com solo argilo-arenoso. af_08/2023 | F28: m3 | G28: 585 | H28: 78.37 | I28: =ROUND(H28*(1+$I$11),2) -> 97.96 | J28: =ROUND(G28*I28,2) -> 57306.6
B29: 2.3 | C29: SINAPI | D29: 96521 | E29: Escavação mecanizada para bloco de coroamento ou sapata com retroescavadeira (incluindo escavação para colocação de fôrmas). af_01/2024 | F29: m3 | G29: 457.05 | H29: 45.41 | I29: =ROUND(H29*(1+$I$11),2) -> 56.76 | J29: =ROUND(G29*I29,2) -> 25942.16
B30: 2.4 | C30: SINAPI | D30: 96525 | E30: Escavação mecanizada para viga baldrame ou sapata corrida com mini-escavadeira (incluindo escavação para colocação de fôrmas). af_01/2024 | F30: m3 | G30: 264.04 | H30: 60 | I30: =ROUND(H30*(1+$I$11),2) -> 75 | J30: =ROUND(G30*I30,2) -> 19803
B31: 2.5 | C31: SINAPI | D31: 101616 | E31: Preparo de fundo de vala com largura menor que 1,5 m (acerto do solo natural). af_08/2020 | F31: m2 | G31: 1317.99 | H31: 7.48 | I31: =ROUND(H31*(1+$I$11),2) -> 9.35 | J31: =ROUND(G31*I31,2) -> 12323.21
B32: 2.6 | C32: SINAPI | D32: 104740 | E32: Reaterro mecanizado de vala com retroescavadeira (capacidade da caçamba da retro: 0,26 m³/potência: 88 hp), largura 0,8 a 1,5 m, profundidade 1,5 a 3,0 m, com solo (sem substituição) de 1ª categoria e coMpactador de solos de percussão. af_08/2023 | F32: m3 | G32: 619.96 | H32: 31.53 | I32: =ROUND(H32*(1+$I$11),2) -> 39.41 | J32: =ROUND(G32*I32,2) -> 24432.62
B33: 2.7 | C33: SINAPI | D33: 104738 | E33: Aterro mecanizado de vala com minicarregadeira, com solo argilo-arenoso. af_08/2023 | F33: m3 | G33: 247.36 | H33: 83.4 | I33: =ROUND(H33*(1+$I$11),2) -> 104.25 | J33: =ROUND(G33*I33,2) -> 25787.28
B34: Total do item | J34: =SUM(J27:J33) -> 168227.37
B36: 3 | E36: FUNDAÇÕES
B37: 3.1 | C37: SINAPI | D37: 100896 | E37: Estaca escavada mecanicamente, sem fluido estabilizante, com 25cm de diâmetro, concreto lançado por caminhão betoneira (exclusive mobilização e desmobilização). af_01/2020_pa | F37: m | G37: 620 | H37: 70.55 | I37: =ROUND(H37*(1+$I$11),2) -> 88.19 | J37: =ROUND(G37*I37,2) -> 54677.8
B38: 3.2 | C38: SINAPI | D38: 100897 | E38: Estaca escavada mecanicamente, sem fluido estabilizante, com 40cm de diâmetro, concreto lançado por caminhão betoneira (exclusive mobilização e desmobilização). af_01/2020_pa | F38: m | G38: 205 | H38: 138.87 | I38: =ROUND(H38*(1+$I$11),2) -> 173.59 | J38: =ROUND(G38*I38,2) -> 35585.95
B39: 3.3 | C39: SINAPI | D39: 95601 | E39: Arrasamento mecanico de estaca de concreto armado, diametros de até 40 cm. af_05/2021 | F39: un | G39: 165 | H39: 20.42 | I39: =ROUND(H39*(1+$I$11),2) -> 25.53 | J39: =ROUND(G39*I39,2) -> 4212.45
B40: 3.4 | C40: SINAPI | D40: 96621 | E40: Lastro com material granular, aplicação em blocos de coroamento, espessura de *5 cm*. af_01/2024 | F40: m3 | G40: 1.37 | H40: 292.91 | I40: =ROUND(H40*(1+$I$11),2) -> 366.14 | J40: =ROUND(G40*I40,2) -> 501.61
B41: 3.5 | C41: SINAPI | D41: 96619 | E41: Lastro de concreto magro, aplicado em blocos de coroamento ou sapatas, espessura de 5 cm. af_01/2024 | F41: m2 | G41: 27.34 | H41: 41.11 | I41: =ROUND(H41*(1+$I$11),2) -> 51.39 | J41: =ROUND(G41*I41,2) -> 1405
B42: 3.6 | C42: SINAPI | D42: 96535 | E42: Fabricação, montagem e desmontagem de fôrma para sapata, em madeira serrada, e=25 mm, 4 utilizações. af_01/2024 | F42: m2 | G42: 20.39 | H42: 153.11 | I42: =ROUND(H42*(1+$I$11),2) -> 191.39 | J42: =ROUND(G42*I42,2) -> 3902.44
B43: 3.7 | C43: SINAPI | D43: 104918 | E43: Armação de sapata isolada, viga baldrame e sapata corrida utilizando aço CA-50 de 8 mm - montagem. af_01/2024 | F43: kg | G43: 762.7 | H43: 17.35 | I43: =ROUND(H43*(1+$I$11),2) -> 21.69 | J43: =ROUND(G43*I43,2) -> 16542.96
B44: 3.8 | C44: SINAPI | D44: 104919 | E44: Armação de sapata isolada, viga baldrame e sapata corrida utilizando aço CA-50 de 10 mm - montagem. af_01/2024 | F44: kg | G44: 62.54 | H44: 15.48 | I44: =ROUND(H44*(1+$I$11),2) -> 19.35 | J44: =ROUND(G44*I44,2) -> 1210.15
B45: 3.9 | C45: SINAPI | D45: 104916 | E45: Armação de sapata isolada, viga baldrame e sapata corrida utilizando aço CA-60 de 5 mm - montagem. af_01/2024 | F45: kg | G45: 16.11 | H45: 20.05 | I45: =ROUND(H45*(1+$I$11),2) -> 25.06 | J45: =ROUND(G45*I45,2) -> 403.72
B46: 3.10 | C46: SINAPI | D46: 96558 | E46: Concretagem de sapata, fck 30 Mpa, com uso de bomba - lançamento, adensamento e acabamento. af_01/2024 | F46: m3 | G46: 3.38 | H46: 884.22 | I46: =ROUND(H46*(1+$I$11),2) -> 1105.28 | J46: =ROUND(G46*I46,2) -> 3735.85
B47: 3.11 | C47: SINAPI | D47: 96621 | E47: Lastro com material granular, aplicação em blocos de coroamento, espessura de *5 cm*. af_01/2024 | F47: m3 | G47: 20.24 | H47: 292.91 | I47: =ROUND(H47*(1+$I$11),2) -> 366.14 | J47: =ROUND(G47*I47,2) -> 7410.67
B48: 3.12 | C48: SINAPI | D48: 96619 | E48: Lastro de concreto magro, aplicado em blocos de coroamento ou sapatas, espessura de 5 cm. af_01/2024 | F48: m2 | G48: 404.84 | H48: 41.11 | I48: =ROUND(H48*(1+$I$11),2) -> 51.39 | J48: =ROUND(G48*I48,2) -> 20804.73
... B56: 3.20 | C56: SINAPI | D56: 96557 | E56: Concretagem de bloco de coroamento ou viga baldrame, fck 30 Mpa, com uso de bomba - lançamento, adensamento e acabamento. af_01/2024 | F56: m3 | G56: 45.14 | H56: 846.23 | I56: =ROUND(H56*(1+$I$11),2) -> 1057.79 | J56: =ROUND(G56*I56,2) -> 47748.64
B57: Total do item | J57: =SUM(J37:J56) -> 267647.71
B59: 4 | E59: SUPERESTRUTURA
B60: 4.1 | C60: SINAPI | D60: 96621 | E60: Lastro com material granular, aplicação em blocos de coroamento, espessura de *5 cm*. af_01/2024 | F60: m3 | G60: 43.64 | H60: 292.91 | I60: =ROUND(H60*(1+$I$11),2) -> 366.14 | J60: =ROUND(G60*I60,2) -> 15978.35
B61: 4.2 | C61: SINAPI | D61: 96619 | E61: Lastro de concreto magro, aplicado em blocos de coroamento ou sapatas, espessura de 5 cm. af_01/2024 | F61: m2 | G61: 872.87 | H61: 41.11 | I61: =ROUND(H61*(1+$I$11),2) -> 51.39 | J61: =ROUND(G61*I61,2) -> 44856.79
B62: 4.3 | C62: SINAPI | D62: 96536 | E62: Fabricação, montagem e desmontagem de fôrma para viga baldrame, em madeira serrada, e=25 mm, 4 utilizações. af_01/2024 | F62: m2 | G62: 525.3 | H62: 75.83 | I62: =ROUND(H62*(1+$I$11),2) -> 94.79 | J62: =ROUND(G62*I62,2) -> 49793.19
B63: 4.4 | C63: SINAPI | D63: 104918 | E63: Armação de sapata isolada, viga baldrame e sapata corrida utilizando aço CA-50 de 8 mm - montagem. af_01/2024 | F63: kg | G63: 589.1 | H63: 17.35 | I63: =ROUND(H63*(1+$I$11),2) -> 21.69 | J63: =ROUND(G63*I63,2) -> 12777.58
B64: 4.5 | C64: SINAPI | D64: 104919 | E64: Armação de sapata isolada, viga baldrame e sapata corrida utilizando aço CA-50 de 10 mm - montagem. af_01/2024 | F64: kg | G64: 521.55 | H64: 15.48 | I64: =ROUND(H64*(1+$I$11),2) -> 19.35 | J64: =ROUND(G64*I64,2) -> 10091.99
B65: 4.6 | C65: SINAPI | D65: 104920 | E65: Armação de bloco, sapata isolada, viga baldrame e sapata corrida utilizando aço CA-50 de 12,5 mm - montagem. af_01/2024 | F65: kg | G65: 1219.83 | H65: 13.16 | I65: =ROUND(H65*(1+$I$11),2) -> 16.45 | J65: =ROUND(G65*I65,2) -> 20066.2
B66: 4.7 | C66: SINAPI | D66: 104921 | E66: Armação de bloco, sapata isolada, viga baldrame e sapata corrida utilizando aço CA-50 de 16 mm - montagem. af_01/2024 | F66: kg | G66: 171.64 | H66: 12.41 | I66: =ROUND(H66*(1+$I$11),2) -> 15.51 | J66: =ROUND(G66*I66,2) -> 2662.14
B67: 4.8 | C67: SINAPI | D67: 104922 | E67: Armação de bloco, sapata isolada e sapata corrida utilizando aço CA-50 de 20 mm - montagem. af_01/2024 | F67: kg | G67: 32.95 | H67: 13.68 | I67: =ROUND(H67*(1+$I$11),2) -> 17.1 | J67: =ROUND(G67*I67,2) -> 563.45
B68: 4.9 | C68: SINAPI | D68: 104916 | E68: Armação de sapata isolada, viga baldrame e sapata corrida utilizando aço CA-60 de 5 mm - montagem. af_01/2024 | F68: kg | G68: 795.26 | H68: 20.05 | I68: =ROUND(H68*(1+$I$11),2) -> 25.06 | J68: =ROUND(G68*I68,2) -> 19929.22
B69: 4.10 | C69: SINAPI | D69: 96557 | E69: Concretagem de bloco de coroamento ou viga baldrame, fck 30 Mpa, com uso de bomba - lançamento, adensamento e acabamento. af_01/2024 | F69: m3 | G69: 51.33 | H69: 846.23 | I69: =ROUND(H69*(1+$I$11),2) -> 1057.79 | J69: =ROUND(G69*I69,2) -> 54296.36
B70: 4.11 | C70: SINAPI | D70: 92443 | E70: Montagem e desmontagem de fôrma de pilares retangulares e estruturas similares, pé-direito simples, em chapa de madeira compensada plastificada, 18 utilizações. af_09/2020 | F70: m2 | G70: 581.21 | H70: 57.5 | I70: =ROUND(H70*(1+$I$11),2) -> 71.88 | J70: =ROUND(G70*I70,2) -> 41777.37
B71: 4.12 | C71: SINAPI | D71: 92762 | E71: Armação de pilar ou viga de estrutura convencional de concreto armado utilizando aço CA-50 de 10,0 mm - montagem. af_06/2022 | F71: kg | G71: 1755.23 | H71: 13.49 | I71: =ROUND(H71*(1+$I$11),2) -> 16.86 | J71: =ROUND(G71*I71,2) -> 29593.18
... B74: 4.15 | C74: SINAPI | D74: 92759 | E74: Armação de pilar ou viga de estrutura convencional de concreto armado utilizando aço CA-60 de 5,0 mm - montagem. af_06/2022 | F74: kg | G74: 803.5 | H74: 16.94 | I74: =ROUND(H74*(1+$I$11),2) -> 21.18 | J74: =ROUND(G74*I74,2) -> 17018.13
B75: 4.16 | C75: Outros | D75: FNDE 239 | E75: Concretagem de pilares, fck = 30 Mpa, com uso de bomba - lançamento, adensamento e acabamento. | F75: m3 | G75: 29.2 | H75: 786.59 | I75: =ROUND(H75*(1+$I$11),2) -> 983.24 | J75: =ROUND(G75*I75,2) -> 28710.61
B76: 4.17 | C76: SINAPI | D76: 92479 | E76: Montagem e desmontagem de fôrma de viga, escoramento com garfo de madeira, pé-direito simples, em chapa de madeira plastificada, 18 utilizações. af_09/2020 | F76: m2 | G76: 800.94 | H76: 75.91 | I76: =ROUND(H76*(1+$I$11),2) -> 94.89 | J76: =ROUND(G76*I76,2) -> 76001.2
B77: 4.18 | C77: SINAPI | D77: 92761 | E77: Armação de pilar ou viga de estrutura convencional de concreto armado utilizando aço CA-50 de 8,0 mm - montagem. af_06/2022 | F77: kg | G77: 958.05 | H77: 15.1 | I77: =ROUND(H77*(1+$I$11),2) -> 18.88 | J77: =ROUND(G77*I77,2) -> 18087.98
B78: 4.19 | C78: SINAPI | D78: 92762 | E78: Armação de pilar ou viga de estrutura convencional de concreto armado utilizando aço CA-50 de 10,0 mm - montagem. af_06/2022 | F78: kg | G78: 939.81 | H78: 13.49 | I78: =ROUND(H78*(1+$I$11),2) -> 16.86 | J78: =ROUND(G78*I78,2) -> 15845.2
B79: 4.20 | C79: SINAPI | D79: 92763 | E79: Armação de pilar ou viga de estrutura convencional de concreto armado utilizando aço CA-50 de 12,5 mm - montagem. af_06/2022 | F79: kg | G79: 164.31 | H79: 11.37 | I79: =ROUND(H79*(1+$I$11),2) -> 14.21 | J79: =ROUND(G79*I79,2) -> 2334.85
B80: 4.21 | C80: SINAPI | D80: 92764 | E80: Armação de pilar ou viga de estrutura convencional de concreto armado utilizando aço CA-50 de 16,0 mm - montagem. af_06/2022 | F80: kg | G80: 143.35 | H80: 11.01 | I80: =ROUND(H80*(1+$I$11),2) -> 13.76 | J80: =ROUND(G80*I80,2) -> 1972.5
B81: 4.22 | C81: SINAPI | D81: 92759 | E81: Armação de pilar ou viga de estrutura convencional de concreto armado utilizando aço CA-60 de 5,0 mm - montagem. af_06/2022 | F81: kg | G81: 713.59 | H81: 16.94 | I81: =ROUND(H81*(1+$I$11),2) -> 21.18 | J81: =ROUND(G81*I81,2) -> 15113.84
B82: 4.23 | C82: Outros | D82: FNDE 240 | E82: Concretagem de vigas e lajes, fck=30 Mpa, para lajes maciças ou nervuradas com uso de bomba - lançamento, adensamento e acabamento. | F82: m3 | G82: 46.77 | H82: 787.41 | I82: =ROUND(H82*(1+$I$11),2) -> 984.26 | J82: =ROUND(G82*I82,2) -> 46033.84
B83: 4.24 | C83: SINAPI | D83: 97083 | E83: CoMpactação mecânica de solo para execução de radier, piso de concreto ou laje sobre solo, com coMpactador de solos a percussão. af_09/2021 | F83: m2 | G83: 12.94 | H83: 3.89 | I83: =ROUND(H83*(1+$I$11),2) -> 4.86 | J83: =ROUND(G83*I83,2) -> 62.89
B84: 4.25 | C84: SINAPI | D84: 96624 | E84: Lastro com material granular (pedra britada n.2), aplicado em pisos ou lajes sobre solo, espessura de *10 cm*. af_01/2024 | F84: m3 | G84: 0.65 | H84: 234.29 | I84: =ROUND(H84*(1+$I$11),2) -> 292.86 | J84: =ROUND(G84*I84,2) -> 190.36
B85: 4.26 | C85: SINAPI | D85: 97087 | E85: Camada separadora para execução de radier, piso de concreto ou laje sobre solo, em lona plástica. af_09/2021 | F85: m2 | G85: 12.94 | H85: 2.17 | I85: =ROUND(H85*(1+$I$11),2) -> 2.71 | J85: =ROUND(G85*I85,2) -> 35.07
B86: 4.27 | C86: SINAPI | D86: 97086 | E86: Fabricação, montagem e desmontagem de forma para radier, piso de concreto ou laje sobre solo, em madeira serrada, 4 utilizações. af_09/2021 | F86: m2 | G86: 3.3 | H86: 152.22 | I86: =ROUND(H86*(1+$I$11),2) -> 190.28 | J86: =ROUND(G86*I86,2) -> 627.92
B87: 4.28 | C87: SINAPI | D87: 97091 | E87: Armação para execução de radier, piso de concreto ou laje sobre solo, com uso de tela q-159. af_09/2021 | F87: kg | G87: 15.96 | H87: 14.89 | I87: =ROUND(H87*(1+$I$11),2) -> 18.61 | J87: =ROUND(G87*I87,2) -> 297.02
B88: 4.29 | C88: SINAPI | D88: 97096 | E88: Concretagem de radier, piso de concreto ou laje sobre solo, fck 30 Mpa - lançamento, adensamento e acabamento. af_09/2021 | F88: m3 | G88: 1.27 | H88: 732.7 | I88: =ROUND(H88*(1+$I$11),2) -> 915.88 | J88: =ROUND(G88*I88,2) -> 1163.17
B89: 4.30 | C89: SINAPI | D89: 97097 | E89: Acabamento polido para piso de concreto armado ou laje sobre solo de alta resistência. af_09/2021 | F89: m2 | G89: 37.09 | H89: 32.61 | I89: =ROUND(H89*(1+$I$11),2) -> 40.76 | J89: =ROUND(G89*I89,2) -> 1511.79
B90: 4.31 | C90: SINAPI | D90: 92538 | E90: Montagem e desmontagem de fôrma de laje maciça, pé-direito simples, em chapa de madeira compensada plastificada, 18 utilizações. af_09/2020 | F90: m2 | G90: 15.15 | H90: 36.57 | I90: =ROUND(H90*(1+$I$11),2) -> 45.71 | J90: =ROUND(G90*I90,2) -> 692.51
B91: 4.32 | C91: SINAPI | D91: 92769 | E91: Armação de laje de estrutura convencional de concreto armado utilizando aço CA-50 de 6,3 mm - montagem. af_06/2022 | F91: kg | G91: 8.18 | H91: 15.38 | I91: =ROUND(H91*(1+$I$11),2) -> 19.23 | J91: =ROUND(G91*I91,2) -> 157.3
B92: 4.33 | C92: SINAPI | D92: 92770 | E92: Armação de laje de estrutura convencional de concreto armado utilizando aço CA-50 de 8,0 mm - montagem. af_06/2022 | F92: kg | G92: 13.31 | H92: 14.51 | I92: =ROUND(H92*(1+$I$11),2) -> 18.14 | J92: =ROUND(G92*I92,2) -> 241.44
B93: 4.34 | C93: Outros | D93: FNDE 240 | E93: Concretagem de vigas e lajes, fck=30 Mpa, para lajes maciças ou nervuradas com uso de bomba - lançamento, adensamento e acabamento. | F93: m3 | G93: 1.69 | H93: 787.41 | I93: =ROUND(H93*(1+$I$11),2) -> 984.26 | J93: =ROUND(G93*I93,2) -> 1663.4
B94: 4.35 | C94: Outros | D94: FNDE 607 | E94: Estrutura treliçada de cobertura, inclusos perfis metálicos, chapa metálicas, mão de obra e transporte com guindaste - fornecimento e instalação | F94: kg | G94: 19006 | H94: 12.65 | I94: =ROUND(H94*(1+$I$11),2) -> 15.81 | J94: =ROUND(G94*I94,2) -> 300484.86
B95: 4.36 | C95: SINAPI | D95: 100723 | E95: Pintura com tinta alquídica de fundo e acabamento (esmalte sintético grafite) pulverizada sobre perfil metálico executado em fábrica (por demão). af_01/2020_pe | F95: m2 | G95: 1611.6 | H95: 12.41 | I95: =ROUND(H95*(1+$I$11),2) -> 15.51 | J95: =ROUND(G95*I95,2) -> 24995.92
B96: 4.37 | C96: SINAPI | D96: 100719 | E96: Pintura com tinta alquídica de fundo (tipo zarcão) pulverizada sobre perfil metálico executado em fábrica (por demão). af_01/2020_pe | F96: m2 | G96: 227.7 | H96: 11.58 | I96: =ROUND(H96*(1+$I$11),2) -> 14.48 | J96: =ROUND(G96*I96,2) -> 3297.1
B97: 4.38 | C97: SINAPI | D97: 100739 | E97: Pintura com tinta alquídica de acabamento (esmalte sintético acetinado) pulverizada sobre perfil metálico executado em fábrica (por demão). af_01/2020_pe | F97: m2 | G97: 227.7 | H97: 11.39 | I97: =ROUND(H97*(1+$I$11),2) -> 14.24 | J97: =ROUND(G97*I97,2) -> 3242.45
B98: Total do item | J98: =SUM(J60:J97) -> 862935.79
B100: 5 | E100: SISTEMA DE VEDAÇÃO VERTICAL
B101: 5.1 | C101: SINAPI | D101: 101161 | E101: Alvenaria de vedação com elemento vazado de concreto (cobogó) de 7x50x50cm e argamassa de assentamento com preparo em betoneira. af_05/2020 | F101: m2 | G101: 4.8 | H101: 239.68 | I101: =ROUND(H101*(1+$I$11),2) -> 299.6 | J101: =ROUND(G101*I101,2) -> 1438.08
B102: 5.2 | C102: SINAPI | D102: 103324 | E102: Alvenaria de vedação de blocos cerâmicos furados na vertical de 14x19x39 cm (espessura 14 cm) e argamassa de assentamento com preparo em betoneira. af_12/2021 | F102: m2 | G102: 823.51 | H102: 73.08 | I102: =ROUND(H102*(1+$I$11),2) -> 91.35 | J102: =ROUND(G102*I102,2) -> 75227.64
B103: 5.3 | C103: SINAPI | D103: 103322 | E103: Alvenaria de vedação de blocos cerâmicos furados na vertical de 9x19x39 cm (espessura 9 cm) e argamassa de assentamento com preparo em betoneira. af_12/2021 | F103: m2 | G103: 933.85 | H103: 53.95 | I103: =ROUND(H103*(1+$I$11),2) -> 67.44 | J103: =ROUND(G103*I103,2) -> 62978.84
B104: 5.4 | C104: SINAPI | D104: 103328 | E104: Alvenaria de vedação de blocos cerâmicos furados na horizontal de 9x19x19 cm (espessura 9 cm) e argamassa de assentamento com preparo em betoneira. af_12/2021 | F104: m2 | G104: 17.16 | H104: 96.1 | I104: =ROUND(H104*(1+$I$11),2) -> 120.13 | J104: =ROUND(G104*I104,2) -> 2061.43
B105: 5.5 | C105: SINAPI | D105: 93200 | E105: Fixação (encunhamento) de alvenaria de vedação com argamassa aplicada com bisnaga. af_03/2024 | F105: m | G105: 639.94 | H105: 13.01 | I105: =ROUND(H105*(1+$I$11),2) -> 16.26 | J105: =ROUND(G105*I105,2) -> 10405.42
B106: 5.6 | C106: SINAPI | D106: 101159 | E106: Alvenaria de vedação de blocos cerâmicos maciços de 5x10x20cm (espessura 10cm) e argamassa de assentamento com preparo em betoneira. af_05/2020 | F106: m2 | G106: 14.71 | H106: 133.67 | I106: =ROUND(H106*(1+$I$11),2) -> 167.09 | J106: =ROUND(G106*I106,2) -> 2457.89
B107: 5.7 | C107: SINAPI | D107: 105024 | E107: Verga moldada in loco em concreto, espessura de *10* cm. af_03/2024 | F107: m | G107: 72.94 | H107: 57.28 | I107: =ROUND(H107*(1+$I$11),2) -> 71.6 | J107: =ROUND(G107*I107,2) -> 5222.5
B108: 5.8 | C108: SINAPI | D108: 105023 | E108: Verga moldada in loco em concreto, espessura de *15* cm. af_03/2024 | F108: m | G108: 2.9 | H108: 69.38 | I108: =ROUND(H108*(1+$I$11),2) -> 86.73 | J108: =ROUND(G108*I108,2) -> 251.52
B109: 5.9 | C109: SINAPI | D109: 105030 | E109: Contraverga moldada in loco em concreto, espessura de *10* cm. af_03/2024 | F109: m | G109: 85.5 | H109: 44.35 | I109: =ROUND(H109*(1+$I$11),2) -> 55.44 | J109: =ROUND(G109*I109,2) -> 4740.12
B110: 5.10 | C110: SINAPI | D110: 105029 | E110: Contraverga moldada in loco em concreto, espessura de *15* cm. af_03/2024 | F110: m | G110: 71.3 | H110: 52.31 | I110: =ROUND(H110*(1+$I$11),2) -> 65.39 | J110: =ROUND(G110*I110,2) -> 4662.31
B111: 5.11 | C111: SINAPI | D111: 102253 | E111: Divisoria sanitária, tipo cabine, em granito cinza polido, esp = 3cm, assentado com argamassa colante ac iii-e, exclusive ferragens. af_01/2021 | F111: m2 | G111: 14.29 | H111: 559.99 | I111: =ROUND(H111*(1+$I$11),2) -> 699.99 | J111: =ROUND(G111*I111,2) -> 10002.86
B112: 5.12 | C112: SINAPI | D112: 102181 | E112: Instalação de box de vidro temperado, e = 10 mm, encaixado em perfil u. af_01/2021_ps | F112: m2 | G112: 5.94 | H112: 603.9 | I112: =ROUND(H112*(1+$I$11),2) -> 754.88 | J112: =ROUND(G112*I112,2) -> 4483.99
B113: 5.13 | C113: SINAPI | D113: 102235 | E113: Divisória fixa em vidro temperado 10 mm, sem abertura. af_01/2021_ps | F113: m2 | G113: 5.38 | H113: 586.37 | I113: =ROUND(H113*(1+$I$11),2) -> 732.96 | J113: =ROUND(G113*I113,2) -> 3943.32
B114: Total do item | J114: =SUM(J101:J113) -> 187875.92
B116: 6 | E116: ESQUADRIAS
B117: 6.1 | C117: Outros | D117: FNDE 243 | E117: Pm1 - kit de porta de madeira frisada, semi-oca (leve ou média), padrão médio, 80x210cm, espessura de 3,5cm, itens inclusos: dobradiças, montagem e instalação de batente, fechadura com execução do furo - fornecimento e instalação | F117: un | G117: 17 | H117: 1081.8 | I117: =ROUND(H117*(1+$I$11),2) -> 1352.25 | J117: =ROUND(G117*I117,2) -> 22988.25
B118: 6.2 | C118: Outros | D118: FNDE 247 | E118: Pm 2 - kit de porta de madeira com veneziana, 80x210cm (espessura de 3cm), padrão médio, itens inclusos: dobradiças, montagem e instalação de batente, fechadura com execução do furo - fornecimento e instalação | F118: un | G118: 2 | H118: 1589.63 | I118: =ROUND(H118*(1+$I$11),2) -> 1987.04 | J118: =ROUND(G118*I118,2) -> 3974.08
B119: 6.3 | C119: Outros | D119: FNDE 246 | E119: Pm3 - kit de porta de madeira frisada, semi-oca (leve ou média), padrão médio, 80x210cm, espessura de 3,5cm, itens inclusos: dobradiças, montagem e instalação de batente, fechadura com execução do furo - fornecimento e instalação. | F119: un | G119: 4 | H119: 1081.8 | I119: =ROUND(H119*(1+$I$11),2) -> 1352.25 | J119: =ROUND(G119*I119,2) -> 5409
B120: 6.4 | C120: Outros | D120: FNDE 248 | E120: Pm4 - kit de porta de madeira com visor de vidro, 80x210cm (espessura de 3cm), padrão popular, itens inclusos: dobradiças, montagem e instalação de batente, fechadura com execução do furo - fornecimento e instalação. | F120: un | G120: 10 | H120: 1589.63 | I120: =ROUND(H120*(1+$I$11),2) -> 1987.04 | J120: =ROUND(G120*I120,2) -> 19870.4
...

Sheet Cronograma
B2: CRONOGRAMA FÍSICO-FINANCEIRO
B3: OBRA: CONSTRUÇÃO DE CRECHE MUNICIPAL - PROJETO PADRÃO FNDE TIPO I
B4: LOCAL: Bairro Francisco Torezani, s/n - São Roque do Canaã
B5: DATA: MAIO/2025
I6: PRAZO DE EXECUÇÃO | U6: TOTAIS
B7: ITEM | C7: DESCRIÇÃO | D7: UNID | F7: 1ºMÊS | G7: 2ºMÊS | H7: 3º MÊS | I7: 1ºMÊS | J7: 2ºMÊS | K7: 3ºMÊS | L7: 4ºMÊS | M7: 5ºMÊS | N7: 6ºMÊS | O7: 7ºMÊS | P7: 8ºMÊS | Q7: 9ºMÊS | R7: 10ºMÊS | S7: 11ºMÊS | T7: 12ºMÊS | U7: FÍSICO | V7: FINANCEIRO
B9: 1 | C9: =VLOOKUP(B9,'Planilha Orçamentária'!$B$14:$J$712,4,0) -> SERVIÇOS PRELIMINARES | D9: R$ | E9: ='Planilha Orçamentária'!J24 -> 624391.81 | I9: 109807.32 | J9: 67610.717 | K9: 44697.377 | L9: 44697.377 | M9: 44697.377 | N9: 44697.377 | O9: 44697.377 | P9: 44697.377 | Q9: 44697.377 | R9: 44697.377 | S9: 44697.377 | T9: 44697.377 | U9: =SUM(I10:T10) -> 1 | V9: =SUM(I9:T9) -> 624391.81
D10: VB | E10: =E9/$E$59 -> 0.10264685 | I10: =I9/$E$9 -> 0.17586284 | J10: =J9/$E$9 -> 0.10828252 | K10: =K9/$E$9 -> 0.071585464 | L10: =L9/$E$9 -> 0.071585464 | M10: =M9/$E$9 -> 0.071585464 | N10: =N9/$E$9 -> 0.071585464 | O10: =O9/$E$9 -> 0.071585464 | P10: =P9/$E$9 -> 0.071585464 | ... T10: =T9/$E$9 -> 0.071585464
B11: 2 | C11: =VLOOKUP(B11,'Planilha Orçamentária'!$B$14:$J$712,4,0) -> MOVIMENTAÇÃO DE TERRA PARA FUNDAÇÕES | D11: R$ | E11: ='Planilha Orçamentária'!J34 -> 168227.37 | I11: =I12*$E$11 -> 42056.842 | J11: =J12*$E$11 -> 126170.53 | U11: =SUM(I12:T12) -> 1 | V11: =SUM(I11:T11) -> 168227.37
D12: VB | E12: =E11/$E$59 -> 0.027655727 | I12: 0.25 | J12: 0.75
B13: 3 | C13: =VLOOKUP(B13,'Planilha Orçamentária'!$B$14:$J$712,4,0) -> FUNDAÇÕES | D13: R$ | E13: ='Planilha Orçamentária'!J57 -> 267647.71 | J13: =J14*$E$13 -> 26764.771 | K13: =K14*$E$13 -> 80294.313 | L13: =L14*$E$13 -> 160588.63 | U13: =SUM(I14:T14) -> 1 | V13: =SUM(I13:T13) -> 267647.71
D14: VB | E14: =E13/$E$59 -> 0.043999926 | J14: 0.1 | K14: 0.3 | L14: 0.6
B15: 4 | C15: =VLOOKUP(B15,'Planilha Orçamentária'!$B$14:$J$712,4,0) -> SUPERESTRUTURA | D15: R$ | E15: ='Planilha Orçamentária'!J98 -> 862935.79 | L15: =L16*$E$15 -> 86293.579 | M15: =M16*$E$15 -> 258880.74 | N15: =N16*$E$15 -> 258880.74 | O15: =O16*$E$15 -> 258880.74 | U15: =SUM(I16:T16) -> 1 | V15: =SUM(I15:T15) -> 862935.79
D16: VB | E16: =E15/$E$59 -> 0.14186227 | L16: 0.1 | M16: 0.3 | N16: 0.3 | O16: 0.3
B17: 5 | C17: =VLOOKUP(B17,'Planilha Orçamentária'!$B$14:$J$712,4,0) -> SISTEMA DE VEDAÇÃO VERTICAL | D17: R$ | E17: ='Planilha Orçamentária'!J114 -> 187875.92 | M17: =M18*$E$17 -> 28181.388 | N17: =N18*$E$17 -> 28181.388 | O17: =O18*$E$17 -> 56362.776 | P17: =P18*$E$17 -> 75150.368 | U17: =SUM(I18:T18) -> 1 | V17: =SUM(I17:T17) -> 187875.92
D18: VB | E18: =E17/$E$59 -> 0.030885849 | M18: 0.15 | N18: 0.15 | O18: 0.3 | P18: 0.4
B19: 6 | C19: =VLOOKUP(B19,'Planilha Orçamentária'!$B$14:$J$712,4,0) -> ESQUADRIAS | D19: R$ | E19: ='Planilha Orçamentária'!J166 -> 565718.98 | M19: =M20*$E$19 -> 56571.898 | N19: =N20*$E$19 -> 56571.898 | O19: =O20*$E$19 -> 169715.69 | P19: =P20*$E$19 -> 113143.8 | Q19: =Q20*$E$19 -> 84857.847 | R19: =R20*$E$19 -> 84857.847 | U19: =SUM(I20:T20) -> 1 | V19: =SUM(I19:T19) -> 565718.98
D20: VB | E20: =E19/$E$59 -> 0.093001332 | M20: 0.1 | N20: 0.1 | O20: 0.3 | P20: 0.2 | Q20: 0.15 | R20: 0.15
B21: 7 | C21: =VLOOKUP(B21,'Planilha Orçamentária'!$B$14:$J$712,4,0) -> SISTEMAS DE COBERTURA | D21: R$ | E21: ='Planilha Orçamentária'!J175 -> 466620.64 | M21: =M22*$E$21 -> 116655.16 | N21: =N22*$E$21 -> 163317.22 | O21: =O22*$E$21 -> 116655.16 | P21: =P22*$E$21 -> 69993.096 | U21: =SUM(I22:T22) -> 1 | V21: =SUM(I21:T21) -> 466620.64
D22: VB | E22: =E21/$E$59 -> 0.076710067 | M22: 0.25 | N22: 0.35 | O22: 0.25 | P22: 0.15
B23: 8 | C23: =VLOOKUP(B23,'Planilha Orçamentária'!$B$14:$J$712,4,0) -> IMPERMEABILIZAÇÃO | D23: R$ | E23: ='Planilha Orçamentária'!J183 -> 51849.88 | M23: =M24*$E$23 -> 51849.88 | U23: =SUM(I24:T24) -> 1 | V23: =SUM(I23:T23) -> 51849.88
D24: VB | E24: =E23/$E$59 -> 0.0085238574 | M24: 1
B25: 9 | C25: =VLOOKUP(B25,'Planilha Orçamentária'!$B$14:$J$712,4,0) -> REVESTIMENTOS INTERNO E EXTERNO | D25: R$ | E25: ='Planilha Orçamentária'!J200 -> 471228.21 | L25: =L26*$E$25 -> 47122.821 | M25: =M26*$E$25 -> 70684.231 | N25: =N26*$E$25 -> 70684.231 | O25: =O26*$E$25 -> 47122.821 | P25: =P26*$E$25 -> 70684.231 | Q25: =Q26*$E$25 -> 47122.821 | R25: =R26*$E$25 -> 70684.231 | S25: =S26*$E$25 -> 47122.821 | U25: =SUM(I26:T26) -> 1 | V25: =SUM(I25:T25) -> 471228.21
D26: VB | E26: =E25/$E$59 -> 0.077467528 | L26: 0.1 | M26: 0.15 | N26: 0.15 | O26: 0.1 | P26: 0.15 | Q26: 0.1 | R26: 0.15 | S26: 0.1
B27: 10 | C27: =VLOOKUP(B27,'Planilha Orçamentária'!$B$14:$J$712,4,0) -> SISTEMAS DE PISOS | D27: R$ | E27: ='Planilha Orçamentária'!J232 -> 591319.39 | L27: =L28*$E$27 -> 88697.908 | M27: =M28*$E$27 -> 88697.908 | N27: =N28*$E$27 -> 59131.939 | O27: =O28*$E$27 -> 118263.88 | P27: =P28*$E$27 -> 88697.908 | Q27: =Q28*$E$27 -> 59131.939 | R27: =R28*$E$27 -> 88697.908 | U27: =SUM(I28:T28) -> 1 | V27: =SUM(I27:T27) -> 591319.39
D28: VB | E28: =E27/$E$59 -> 0.097209909 | L28: 0.15 | M28: 0.15 | N28: 0.1 | O28: 0.2 | P28: 0.15 | Q28: 0.1 | R28: 0.15
B29: 11 | C29: =VLOOKUP(B29,'Planilha Orçamentária'!$B$14:$J$712,4,0) -> PINTURAS E ACABAMENTOS | D29: R$ | E29: ='Planilha Orçamentária'!J256 -> 192750.8 | Q29: =Q30*$E$29 -> 57825.24 | R29: =R30*$E$29 -> 48187.7 | S29: =S30*$E$29 -> 77100.32 | T29: =T30*$E$29 -> 9637.54 | U29: =SUM(I30:T30) -> 1 | V29: =SUM(I29:T29) -> 192750.8
D30: VB | E30: =E29/$E$59 -> 0.031687254 | Q30: 0.3 | R30: 0.25 | S30: 0.4 | T30: 0.05
B31: 12 | C31: =VLOOKUP(B31,'Planilha Orçamentária'!$B$14:$J$712,4,0) -> INSTALAÇÕES DE ÁGUA FRIA | D31: R$ | E31: ='Planilha Orçamentária'!J306 -> 200142.51 | N31: =N32*$E$31 -> 20014.251 | O31: =O32*$E$31 -> 40028.502 | P31: =P32*$E$31 -> 60042.753 | Q31: =Q32*$E$31 -> 40028.502 | R31: =R32*$E$31 -> 20014.251 | S31: =S32*$E$31 -> 20014.251 | U31: =SUM(I32:T32) -> 1 | V31: =SUM(I31:T31) -> 200142.51
D32: VB | E32: =E31/$E$59 -> 0.032902414 | N32: 0.1 | O32: 0.2 | P32: 0.3 | Q32: 0.2 | R32: 0.1 | S32: 0.1
B33: 13 | C33: =VLOOKUP(B33,'Planilha Orçamentária'!$B$14:$J$712,4,0) -> INSTALAÇÕES DE ÁGUAS PLUVIAIS | D33: R$ | E33: ='Planilha Orçamentária'!J328 -> 74723.64 | O33: =O34*$E$33 -> 14944.728 | P33: =P34*$E$33 -> 14944.728 | Q33: =Q34*$E$33 -> 22417.092 | R33: =R34*$E$33 -> 18680.91 | S33: =S34*$E$33 -> 3736.182 | U33: =SUM(I34:T34) -> 1 | V33: =SUM(I33:T33) -> 74723.64
D34: VB | E34: =E33/$E$59 -> 0.012284188 | O34: 0.2 | P34: 0.2 | Q34: 0.3 | R34: 0.25 | S34: 0.05
B35: 14 | C35: =VLOOKUP(B35,'Planilha Orçamentária'!$B$14:$J$712,4,0) -> INSTALAÇÕES DE ESGOTO SANITÁRIO | D35: R$ | E35: ='Planilha Orçamentária'!J377 -> 121253.5 | N35: =N36*$E$35 -> 24250.7 | O35: =O36*$E$35 -> 24250.7 | P35: =P36*$E$35 -> 24250.7 | Q35: =Q36*$E$35 -> 24250.7 | R35: =R36*$E$35 -> 24250.7 | U35: =SUM(I36:T36) -> 1 | V35: =SUM(I35:T35) -> 121253.5
D36: VB | E36: =E35/$E$59 -> 0.019933461 | N36: 0.2 | O36: 0.2 | P36: 0.2 | Q36: 0.2 | R36: 0.2
B37: 15 | C37: =VLOOKUP(B37,'Planilha Orçamentária'!$B$14:$J$712,4,0) -> LOUÇAS, ACESSÓRIOS E METAIS | D37: R$ | E37: ='Planilha Orçamentária'!J414 -> 100239.88 | P37: =P38*$E$37 -> 10023.988 | Q37: =Q38*$E$37 -> 20047.976 | R37: =R38*$E$37 -> 30071.964 | S37: =S38*$E$37 -> 40095.952 | U37: =SUM(I38:T38) -> 1 | V37: =SUM(I37:T37) -> 100239.88
D38: VB | E38: =E37/$E$59 -> 0.016478928 | P38: 0.1 | Q38: 0.2 | R38: 0.3 | S38: 0.4
B39: 16 | C39: =VLOOKUP(B39,'Planilha Orçamentária'!$B$14:$J$712,4,0) -> INSTALAÇÕES DE PROTEÇÃO CONTRA INCÊNDIO | D39: R$ | E39: ='Planilha Orçamentária'!J472 -> 86653.95 | N39: =N40*$E$39 -> 4332.6975 | O39: =O40*$E$39 -> 8665.395 | P39: =P40*$E$39 -> 8665.395 | Q39: =Q40*$E$39 -> 17330.79 | R39: =R40*$E$39 -> 25996.185 | S39: =S40*$E$39 -> 21663.487 | U39: =SUM(I40:T40) -> 1 | V39: =SUM(I39:T39) -> 86653.95
D40: VB | E40: =E39/$E$59 -> 0.01424547 | N40: 0.05 | O40: 0.1 | P40: 0.1 | Q40: 0.2 | R40: 0.3 | S40: 0.25
B41: 17 | C41: =VLOOKUP(B41,'Planilha Orçamentária'!$B$14:$J$712,4,0) -> INSTALAÇÕES ELÉTRICAS - 220v | D41: R$ | E41: ='Planilha Orçamentária'!J573 -> 329477.66 | L41: =L42*$E$41 -> 16473.883 | M41: =M42*$E$41 -> 32947.766 | N41: =N42*$E$41 -> 32947.766 | O41: =O42*$E$41 -> 65895.532 | P41: =P42*$E$41 -> 98843.298 | Q41: =Q42*$E$41 -> 82369.415 | U41: =SUM(I42:T42) -> 1 | V41: =SUM(I41:T41) -> 329477.66
D42: VB | E42: =E41/$E$59 -> 0.054164457 | L42: 0.05 | M42: 0.1 | N42: 0.1 | O42: 0.2 | P42: 0.3 | Q42: 0.25
B43: 18 | C43: =VLOOKUP(B43,'Planilha Orçamentária'!$B$14:$J$712,4,0) -> INSTALAÇÕES DE CABEAMENTO ESTRUTURADO | D43: R$ | E43: ='Planilha Orçamentária'!J607 -> 72212.62 | Q43: =Q44*$E$43 -> 14442.524 | R43: =R44*$E$43 -> 21663.786 | S43: =S44*$E$43 -> 21663.786 | T43: =T44*$E$43 -> 14442.524 | U43: =SUM(I44:T44) -> 1 | V43: =SUM(I43:T43) -> 72212.62
D44: VB | E44: =E43/$E$59 -> 0.011871389 | Q44: 0.2 | R44: 0.3 | S44: 0.3 | T44: 0.2
B45: 19 | C45: =VLOOKUP(B45,'Planilha Orçamentária'!$B$14:$J$712,4,0) -> INSTALAÇÕES DO SISTEMA DE PROTEÇÃO CONTRA DESCARGAS ATMOSFÉRICAS (SPDA) | D45: R$ | E45: ='Planilha Orçamentária'!J616 -> 46642.6 | M45: =M46*$E$45 -> 2332.13 | N45: =N46*$E$45 -> 2332.13 | Q45: =Q46*$E$45 -> 13992.78 | R45: =R46*$E$45 -> 9328.52 | S45: =S46*$E$45 -> 9328.52 | T45: =T46*$E$45 -> 9328.52 | U45: =SUM(I46:T46) -> 1 | V45: =SUM(I45:T45) -> 46642.6
D46: VB | E46: =E45/$E$59 -> 0.0076678069 | M46: 0.05 | N46: 0.05 | Q46: 0.3 | R46: 0.2 | S46: 0.2 | T46: 0.2
B47: 20 | C47: =VLOOKUP(B47,'Planilha Orçamentária'!$B$14:$J$712,4,0) -> INSTALAÇÕES DE CLIMATIZAÇÃO | D47: R$ | E47: ='Planilha Orçamentária'!J628 -> 29024.67 | N47: =N48*$E$47 -> 5804.934 | S47: =S48*$E$47 -> 23219.736 | U47: =SUM(I48:T48) -> 1 | V47: =SUM(I47:T47) -> 29024.67
D48: VB | E48: =E47/$E$59 -> 0.0047715086 | N48: 0.2 | S48: 0.8
B49: 21 | C49: =VLOOKUP(B49,'Planilha Orçamentária'!$B$14:$J$712,4,0) -> INSTALAÇÕES DE EXAUSTÃO MECÂNICA | D49: R$ | E49: ='Planilha Orçamentária'!J634 -> 14617.39 | T49: =T50*$E$49 -> 14617.39 | U49: =SUM(I50:T50) -> 1 | V49: =SUM(I49:T49) -> 14617.39
D50: VB | E50: =E49/$E$59 -> 0.0024030248 | T50: 1
B51: 22 | C51: =VLOOKUP(B51,'Planilha Orçamentária'!$B$14:$J$712,4,0) -> INSTALAÇÕES DE GÁS COMBUSTÍVEL | D51: R$ | E51: ='Planilha Orçamentária'!J649 -> 5901.38 | N51: =N52*$E$51 -> 1770.414 | O51: =O52*$E$51 -> 1770.414 | R51: =R52*$E$51 -> 1180.276 | S51: =S52*$E$51 -> 1180.276 | U51: =SUM(I52:T52) -> 1 | V51: =SUM(I51:T51) -> 5901.38
D52: VB | E52: =E51/$E$59 -> 0.00097015695 | N52: 0.3 | O52: 0.3 | R52: 0.2 | S52: 0.2
B53: 23 | C53: =VLOOKUP(B53,'Planilha Orçamentária'!$B$14:$J$712,4,0) -> SERVIÇOS COMPLEMENTARES | D53: R$ | E53: ='Planilha Orçamentária'!J663 -> 167857.36 | L53: =L54*$E$53 -> 16785.736 | M53: =M54*$E$53 -> 16785.736 | P53: =P54*$E$53 -> 41964.34 | Q53: =Q54*$E$53 -> 50357.208 | R53: =R54*$E$53 -> 41964.34 | U53: =SUM(I54:T54) -> 1 | V53: =SUM(I53:T53) -> 167857.36
D54: VB | E54: =E53/$E$59 -> 0.027594899 | L54: 0.1 | M54: 0.1 | P54: 0.25 | Q54: 0.3 | R54: 0.25
B55: 24 | C55: =VLOOKUP(B55,'Planilha Orçamentária'!$B$14:$J$712,4,0) -> FECHAMENTO - MURO | D55: R$ | E55: ='Planilha Orçamentária'!J704 -> 329977.44 | Q55: =Q56*$E$55 -> 131990.98 | R55: =R56*$E$55 -> 197986.46 | U55: =SUM(I56:T56) -> 1 | V55: =SUM(I55:T55) -> 329977.44
D56: VB | E56: =E55/$E$59 -> 0.054246618 | Q56: 0.4 | R56: 0.6
B57: 25 | C57: =VLOOKUP(B57,'Planilha Orçamentária'!$B$14:$J$712,4,0) -> SERVIÇOS FINAIS | D57: R$ | E57: ='Planilha Orçamentária'!J710 -> 53621.57 | S57: =S58*$E$57 -> 26810.785 | T57: =T58*$E$57 -> 26810.785 | U57: =SUM(I58:T58) -> 1 | V57: =E57 -> 53621.57
D58: VB | E58: =E57/$E$59 -> 0.0088151142 | S58: 0.5 | T58: 0.5
C59: TOTAL | E59: =E9+E11+E13+E15+E17+E19+E21+E23+E25+E27+E29+E31+E33+E35+E37+E39+E41+E43+E45+E47+E49+E51+E53+E55+E57 -> 6082912.7 | V59: =SUM(V9:V58) -> 6082912.7
C61: SOMAS MENSAIS | I61: =I9+I11+I13+I15+I17+I19+I21+I23+I25+I27+I29+I31+I33+I35+I37+I39+I41+I43+I45+I47+I49+I51+I53+I55+I57 -> 151864.16 | J61: =J9+J11+J13+J15+J17+J19+J21+J23+J25+J27+J29+J31+J33+J35+J37+J39+J41+J43+J45+J47+J49+J51+J53+J55+J57 -> 220546.02 | K61: =K9+K11+K13+K15+K17+K19+K21+K23+K25+K27+K29+K31+K33+K35+K37+K39+K41+K43+K45+K47+K49+K51+K53+K55+K57 -> 124991.69 | L61: =L9+L11+L13+L15+L17+L19+L21+L23+L25+L27+L29+L31+L33+L35+L37+L39+L41+L43+L45+L47+L49+L51+L53+L55+L57 -> 460659.93 | M61: =M9+M11+M13+M15+M17+M19+M21+M23+M25+M27+M29+M31+M33+M35+M37+M39+M41+M43+M45+M47+M49+M51+M53+M55+M57 -> 768284.21 | N61: =N9+N11+N13+N15+N17+N19+N21+N23+N25+N27+N29+N31+N33+N35+N37+N39+N41+N43+N45+N47+N49+N51+N53+N55+N57 -> 772917.69 | O61: =O9+O11+O13+O15+O17+O19+O21+O23+O25+O27+O29+O31+O33+O35+O37+O39+O41+O43+O45+O47+O49+O51+O53+O55+O57 -> 967253.71 | P61: =P9+P11+P13+P15+P17+P19+P21+P23+P25+P27+P29+P31+P33+P35+P37+P39+P41+P43+P45+P47+P49+P51+P53+P55+P57 -> 721101.98 | ... T61: =T9+T11+T13+T15+T17+T19+T21+T23+T25+T27+T29+T31+T33+T35+T37+T39+T41+T43+T45+T47+T49+T51+T53+T55+T57 -> 119534.14
C62: PERCENTUAL MENSAL | I62: =I61/$E$59 -> 0.024965698 | J62: =J61/$E$59 -> 0.036256647 | K62: =K61/$E$59 -> 0.020548 | L62: =L61/$E$59 -> 0.075730157 | M62: =M61/$E$59 -> 0.12630203 | N62: =N61/$E$59 -> 0.12706375 | O62: =O61/$E$59 -> 0.15901161 | P62: =P61/$E$59 -> 0.11854551 | ... T62: =T61/$E$59 -> 0.019650806
C63: SOMA ACUMULADA | I63: =I61 -> 151864.16 | J63: =SUM($I$61:J61) -> 372410.18 | K63: =SUM($I$61:K61) -> 497401.87 | L63: =SUM($I$61:L61) -> 958061.8 | M63: =SUM($I$61:M61) -> 1726346 | N63: =SUM($I$61:N61) -> 2499263.7 | O63: =SUM($I$61:O61) -> 3466517.4 | P63: =SUM($I$61:P61) -> 4187619.4 | Q63: =SUM($I$61:Q61) -> 4898482.6 | ... T63: =SUM($I$61:T61) -> 6082912.7
C64: PERC. ACUMULADO | I64: =I63/$E$59 -> 0.024965698 | J64: =J63/$E$59 -> 0.061222345 | K64: =K63/$E$59 -> 0.081770345 | L64: =L63/$E$59 -> 0.1575005 | M64: =M63/$E$59 -> 0.28380253 | N64: =N63/$E$59 -> 0.41086628 | O64: =O63/$E$59 -> 0.56987789 | P64: =P63/$E$59 -> 0.6884234 | ... T64: =T63/$E$59 -> 1
E67: ____________________________________________________________________
E68: PEDRO JAYME LANI JUNIOR
E69: Assessor de assuntos de gestão
E70: Engenheiro civil CREA ES 20109/D

Sheet BDI
B2: PREFEITURA MUNICIPAL DE SÃO ROQUE DO CANAÃ ESTADO DO ESPÍRITO SANTO SECRETARIA MUNICIPAL DE OBRAS E SERVIÇOS URBANOS – SETOR DE ENGENHARIA TAXA DE BDI PADRÃO APLICÁVEL
B4: OBRA: | C4: CONSTRUÇÃO DE CRECHE MUNICIPAL - PROJETO PADRÃO FNDE TIPO I
B5: LOCAL: | C5: Bairro Francisco Torezani, s/n - São Roque do Canaã | E5: DATA: MAIO/2025
B7: 1. Regime de Contribuição Previdenciária
C8: Sem Desoneração
B10: 2. Tipo de Intervenção
C11: Edificações
B13: 3. Incidências sobre o custo
C15: Administração Central - AC* | D15: 5.5 | E15: %
C16: Administração Local - AL* | D16: 0 | E16: %
C17: Riscos, Garantias e Seguros - R* | D17: 2.07 | E17: %
C18: Despesas e Encargos Financeiros - DF* | D18: 1.23 | E18: %
C20: Lucro - L* | D20: 8.3 | E20: %
B22: 4 – Incidências sobre o preço de venda
C24: Despesas Tributárias - DT | D24: =D25+D26+D27 -> 5.65 | E24: %
C25: ISS* | D25: 3 | E25: %
C26: COFINS* | D26: 2 | E26: %
C27: PIS* | D27: 0.65 | E27: %
B29: 5 – BDI | C29: ((1+(AC+S+R+G))(1+DF)(1+L))/(1 – I)) -1 = | D29: =((1+D15/100+D16/100+D17/100)*(1+D18/100)*(1+D20/100))/(1-D24/100)-1 -> 0.24993364
B32: 6 – BDI MATERIAL
C33: Valor obtido da Resolução TC Nº 366, de 22 de novembro de 2022 | D33: 0.1557
B35: ISS: De acordo com o Código Tributário do município de São Roque do Canaã, local onde a obra será executada, a alíquota do ISS é de 5% em relação à mão de obra do serviço. No entanto, segundo o art 91 § 8º da Lei Complementar 02/2022 da PMSRC, quando se tornar difícil a verificação do preço dos materiais aplicados à obra ou caso o contribuinte queira optar pelo regime presumido de dedução de materiais, sem a obrigatoriedade da comprovação, poderá ser optado a utilização da base de cálculo estimada do ISSQN no valor de 40% (quarenta por cento). Portanto o valor do ISS adotado é de 3,0% do custo total da obra.
